 Dungeon Crawl Stone Soup version 0.31-a0-198-g2ad674f65e (webtiles) character file.

Game seed: 14730806264123727055

1179 Anon1729 the Trooper (level 8, -4/63 (70) HPs)
             Began as a Minotaur Monk on June 25, 2023.
             Was a Follower of Uskayaw.
             Slain by an orc knight
             ... wielding a +0 halberd
              (14 damage)
             ... in a bailey.
             The game lasted 00:03:24 (4904 turns).

Anon1729 the Trooper (Minotaur Monk)                Turns: 4904, Time: 00:03:25

HP:   -4/63 (70)    AC: 11    Str: 16    XL:     8   Next: 18%
MP:   10/10         EV: 13    Int:  7    God:    Uskayaw [*.....]
Gold: 51            SH:  5    Dex: 15    Spells: 7/7 levels left

rFire   . . .        t - +0 dagger (venom)
rCold   . . .        d - orb {light}
rNeg    . . .        u - +4 ring mail
rPois   .            v - +0 hat
rElec   .            (no cloak)
rCorr   .            (no gloves)
SInv    .            B - +0 pair of boots
Will    .....        g - amulet of reflection
Stlth   +            x - ring of wizardry
HPRegen 0.30/turn    (no ring)
MPRegen 0.12/turn

%: reflection, wizardry (x1)
@: glowing, heavily drained
A: horns 2, retaliatory headbutt
a: Renounce Religion, Stomp


You were in a bailey.
You worshipped Uskayaw.
Uskayaw was noncommittal.
You visited 1 branch of the dungeon, and saw 7 of its levels.
You also visited: Bailey.

You collected 321 gold pieces.
You spent 270 gold pieces at shops.

Inventory:

Hand Weapons
 a - a +0 short sword
 q - a +0 dagger of draining
 t - a +0 dagger of venom (weapon)
Armour
 b - a +0 robe
 d - an orb of light (worn)
 h - a +0 plate armour
 u - a +4 ring mail (worn)
 v - a +0 hat (worn)
 B - a +0 pair of boots (worn)
Jewellery
 c - a ring of fire
 g - an amulet of reflection (around neck)
 x - a ring of wizardry (left hand)
Wands
 r - a wand of polymorph (11)
 y - a wand of quicksilver (10)
Scrolls
 e - 4 scrolls of teleportation
 f - 3 scrolls of poison
 k - 2 scrolls of enchant weapon
 l - 4 scrolls of vulnerability
 p - 2 scrolls of fog
 s - a scroll of enchant armour
 w - 3 scrolls of noise
 z - a scroll of silence {unknown}
 C - 2 scrolls of blinking {unknown}
 E - a scroll of revelation {unknown}
Potions
 i - 2 potions of cancellation {unknown}
 j - a potion of mutation {unknown}
 m - 3 potions of curing
 n - a potion of berserk rage {unknown}
 o - a potion of invisibility
 A - a potion of heal wounds
 D - 4 potions of might {unknown}
 F - 2 potions of haste {unknown}


   Skills:
 + Level 6.3 Fighting
 + Level 5.8 Short Blades
 + Level 4.9 Armour
 + Level 5.8 Dodging
 + Level 4.1 Invocations


You had 7 spell levels left.
You didn't know any spells.
Your spell library contained the following spells:

 Spells                   Type           Power      Damage    Failure   Level
 Sting                    Tmut/Pois      0%         1d3       32%         1
 Poisonous Vapours        Pois/Air       0%         N/A       43%         2
 Dazzling Flash           Conj/Hex       0%         N/A       65%         3
 Ozocubu's Armour         Ice            0%         N/A       65%         3
 Summon Guardian Golem    Hex/Summ       0%         N/A       65%         3
 Leda's Liquefaction      Hex/Erth       0%         N/A       96%         4
 Olgreb's Toxic Radiance  Pois           0%         N/A       96%         4
 Metabolic Englaciation   Hex/Ice        0%         N/A       100%        5
 Simulacrum               Ice/Necr       0%         N/A       100%        6
 Discord                  Hex            0%         N/A       100%        8


Dungeon Overview and Level Annotations

Branches:
Dungeon (7/15)             Temple (0/1) D:6          Bailey (1/1)

Altars:
Dithmenos
Elyvilon
Makhleb
Okawaru
Ru
Uskayaw
Vehumet
Xom

Shops:
D:5 ((*[   D:6 [***

Annotations:
D:4 Grinder, Natasha
D:5 1 runed translucent door, initializr's ghost, novice OpBr


Innate Abilities, Weirdness & Mutations

You have a pair of horns on your head.
You reflexively headbutt those who attack you in melee.


Message History

There is an open door here.
The gnoll hits you but does no damage.
You are electrocuted!
The orc knight hits you with a +0 halberd!
* * * LOW HITPOINT WARNING * * *
You see here a potion of experience.
You are too injured to fight recklessly!
You are too injured to fight recklessly!
You are too injured to fight recklessly!
You are too injured to fight recklessly!
You are too injured to fight recklessly!
You are too injured to fight recklessly!
You are too injured to fight recklessly!
You are too injured to fight recklessly!
You are too injured to fight recklessly!
You are too injured to fight recklessly!
You are too injured to fight recklessly!
You are too injured to fight recklessly!
You are too injured to fight recklessly!
You are too injured to fight recklessly!
You are too injured to fight recklessly!
You are too injured to fight recklessly!
You are too injured to fight recklessly!
You are too injured to fight recklessly!
You are too injured to fight recklessly!
You are too injured to fight recklessly!
You are too injured to fight recklessly!
Okay, then.
Unknown command.
Unknown command.
Unknown command.
Okay, then.
Okay, then.
Unknown command.
Unknown command.
Unknown command.
The gnoll attacks as you move away! The gnoll closely misses you.
You furiously retaliate!
You headbutt the gnoll!
The orc knight attacks as you move away!
The orc knight hits you with a +0 halberd!
You die...

##### ##)'.##
+##+##'###'##+##+
#!.!g@## ##.....#
#.!.o.# ###.....#
+!.⌠.g+ #.'..⌠..+
#.!.!.# ###.....#
#!.!..# ##..)..##
+##+##'###'##'##'##
#g#.###.###)# #####
### #'#
##)#)###.###.#


You could see an orc knight and 2 gnolls.

Vanquished Creatures
  An orc warrior (D:6)
  A black bear (D:5)
  3 ogres
  A phantom (D:4)
  A scorpion (D:6)
  A jelly (D:6)
  3 hounds
  3 orc priests
  3 iguanas
  Terence (D:2)
  Natasha (twice) (D:4)
  6 gnolls (Bailey)
  7 adders
  2 white imps
  A worm (D:2)
  A dart slug (D:3)
  13 orcs
  3 endoplasms
  2 giant cockroaches
  14 goblins
  3 hobgoblins
  2 jackals (D:3)
  2 quokkas
  8 ball pythons
  6 bats
  2 frilled lizards (D:3)
  11 kobolds
  10 rats
113 creatures vanquished.

Notes
Turn   | Place    | Note
-------+----------+-------------------------------------------
     0 | D:1      | Anon1729 the Minotaur Monk began the quest for the Orb.
     0 | D:1      | Reached XP level 1. HP: 19/19 MP: 0/0
   159 | D:1      | Reached XP level 2. HP: 22/27 MP: 1/1
   357 | D:1      | Reached skill level 1 in Armour
   568 | D:1      | Reached skill level 1 in Invocations
   604 | D:1      | Reached skill level 4 in Fighting
   919 | D:2      | Noticed Terence
   933 | D:2      | Killed Terence
   934 | D:2      | Reached XP level 3. HP: 23/33 MP: 2/2
  1231 | D:2      | Reached XP level 4. HP: 40/40 MP: 4/4
  1648 | D:2      | Found a shimmering altar of Xom.
  1762 | D:3      | Found a burning altar of Makhleb.
  2005 | D:3      | Reached XP level 5. HP: 47/47 MP: 5/5
  2010 | D:3      | Found a white marble altar of Elyvilon.
  2011 | D:3      | Found a sacrificial altar of Ru.
  2013 | D:3      | Found an iron altar of Okawaru.
  2018 | D:3      | Found a radiant altar of Vehumet.
  2555 | D:3      | Found a shimmering altar of Xom.
  2757 | D:4      | Noticed a phantom
  2761 | D:4      | Noticed Natasha
  2771 | D:4      | Killed a phantom
  2780 | D:4      | Reached XP level 6. HP: 25/55 MP: 6/6
  2781 | D:4      | Killed Natasha
  2793 | D:4      | Noticed Natasha
  2799 | D:4      | Killed Natasha
  2800 | D:4      | Reached skill level 5 in Fighting
  2933 | D:4      | Noticed Grinder
  2939 | D:4      | Paralysed by Grinder for 4 turns
  2948 | D:4      | Paralysed by Grinder for 5 turns
  2970 | D:4      | Paralysed by Grinder for 5 turns
  2973 | D:4      | Noticed Natasha
  2977 | D:5      | Entered Level 5 of the Dungeon
  3121 | D:5      | Found Vyco's Armour Shoppe.
  3265 | D:5      | Identified the +2 leather armour "Kutesaf" {*Slow Will+
                  | Dex+4}
  3280 | D:5      | Found a runed translucent door.
  3285 | D:5      | Noticed initializr's ghost (novice OpBr)
  3291 | D:5      | Found Peffet's Antique Weapon Emporium.
  3313 | D:5      | Found Vafoj's Antique Weapon Emporium.
  3352 | D:5      | Found a hide-covered altar of Uskayaw.
  3511 | D:5      | Became a worshipper of Uskayaw the Reveller
  3511 | D:5      | Reached * piety under Uskayaw
  3636 | D:5      | Found Pegecu Hedo's General Store.
  3639 | D:5      | Bought 2 potions of curing for 66 gold pieces
  3639 | D:5      | Bought a scroll of teleportation for 33 gold pieces
  3639 | D:5      | Bought a scroll of noise for 11 gold pieces
  3639 | D:5      | Bought a scroll of vulnerability for 44 gold pieces
  3639 | D:5      | Bought a scroll of identify for 22 gold pieces
  3670 | D:6      | Found a shadowy altar of Dithmenos.
  3680 | D:6      | Got the Reference Book on the Curse
  3690 | D:6      | Found Wisiug's General Store.
  3719 | D:6      | Found Ysots's General Store.
  3744 | D:6      | Reached ** piety under Uskayaw
  3746 | D:6      | Reached XP level 7. HP: 40/61 MP: 8/8
  3749 | D:6      | Reached *** piety under Uskayaw
  3756 | D:6      | Reached **** piety under Uskayaw
  3758 | D:6      | Reached skill level 5 in Short Blades
  3857 | D:6      | Found a staircase to the Ecumenical Temple.
  3867 | D:6      | Reached skill level 5 in Dodging
  3947 | D:6      | Found Keomi's Antique Armour Emporium.
  4229 | D:6      | Found Fuaruit's Assorted Antiques.
  4237 | D:6      | Bought a scroll labelled ZULOSE QEPH for 21 gold pieces
  4440 | D:5      | Reached skill level 6 in Fighting
  4620 | D:6      | Bought a green potion for 18 gold pieces
  4620 | D:6      | Bought 2 green potions for 37 gold pieces
  4620 | D:6      | Bought a green potion for 18 gold pieces
  4650 | D:7      | Found a flagged portal.
  4653 | D:7      | Reached XP level 8. HP: 70/70 MP: 9/9
  4717 | Bailey   | Entered a bailey
  4901 | Bailey   | Noticed an orc knight
  4904 | Bailey   | Slain by an orc knight

Illustrated notes

Levels and vault maps discovered:
D:1:      dpeg_chamrin_arrival_tetris, layout_basic, minivault_11,
          lexackson_kobold_supper
D:2:      layout_basic, basic_altar, minmay_fractal_squares_gapless_5,
          uniq_terence
D:3:      layout_loops_ring, bloody_makhleb, tgw_xom,
          grunt_temple_overflow_open, glass_columns_a,
          chequers_serial_rivers_micro_d, chequers_serial_rivers_room_b
D:4:      layout_cave_pools, uniq_natasha, uniq_grinder
D:5:      layout_basic, marbit_many_paths, serial_shops, shop, kennysheep_mini,
          nicolae_shop_behind_doors, kennysheep_mini_moat,
          hellmonk_ghost_happy_afterlife, nicolae_titane
D:6:      layout_gridville, mainiacjoe_overflow_boulevard,
          minmay_temple_entry_waves, serial_shops, nicolae_shop_trees,
          nicolae_shop_tiny_real_fake_doors, nicolae_square_shop, shop
D:7:      layout_gridville, enter_bailey_5, uniq_pikel
Bailey:   bailey_polearm_nasty_gnolls, bailey

Skill      XL: |  1  2  3  4  5  6  7  8 |
---------------+-------------------------+-----
Armour         | 1 2 3 4 |  4.9
Invocations    | 1 2 3 4 |  4.1
Fighting       | 4 5 6 |  6.3
Short Blades   | 4 5 |  5.8
Dodging        | 4 5 |  5.8

Action                     |  1- 3 |  4- 6 |  7- 9 || total
---------------------------+-------+-------+-------++-------
  Melee: Short sword       |   102 |    20 |       ||   122
         Headbutt          |    20 |    39 |    25 ||    84
         Dagger            |       |   125 |   101 ||   226
    Use: Scroll            |       |     4 |       ||     4
         Potion            |       |     2 |       ||     2
   Stab: Paralysed         |       |       |     2 ||     2
 Armour: Robe              |     8 |       |       ||     8
         Plate armour      |    16 |    27 |       ||    43
         Ring mail         |       |    18 |    22 ||    40
  Dodge: Dodged            |    42 |    45 |    47 ||   134
  Block: Orb               |     4 |    19 |    24 ||    47
         Reflection        |       |       |     1 ||     1

Table legend: (Time is in decaauts)
 A = Elapsed time spent in this place.
 B = Non-inter-level travel time spent in this place.
 C = Inter-level travel time spent in this place.
 D = Time resting spent in this place.
 E = Time spent auto-exploring this place.
 F = Levels seen in this place.
 G = Mean time per level.
                   A        B        C        D        E       F      G
               +--------+--------+--------+--------+--------+-----+--------+
         Total |   4831 |   4489 |    342 |    200 |   3611 |   8 |  603.9 |
       Dungeon |   4651 |   4309 |    342 |    200 |   3477 |   7 |  664.4 |
        Bailey |    179 |    179 |      0 |      0 |    134 |   1 |  179.0 |
               +--------+--------+--------+--------+--------+-----+--------+

Top non-repeatable levels by time:
     D:5: 999 daAuts
     D:3: 911 daAuts
     D:1: 909 daAuts
     D:2: 825 daAuts
     D:6: 628 daAuts
     D:4: 289 daAuts
  Bailey: 179 daAuts
     D:7: 87 daAuts
